[Event "Titled Tuesday Blitz July 25 Late 2023"]
[White "Fisher_TheGalactic"]
[Black "Erigaisi Arjun"]
[BlackFideId "35009192"]
[WhiteElo "2695"]
[BlackElo "3071"]
[Result "0-1"]
[Round "10"]
[TimeControl "180+2"]
[Date "2023.07.25"]
[WhiteClock "0:00:05"]
[BlackClock "0:01:59"]
[Board "18"]

1. Nf3 d6 2. g3 g6 3. Bg2 Bg7 4. O-O e5 5. d3 Ne7 6. e4 O-O 7. a4 Nbc6 8. Na3 f5 9. c3 f4 10. d4 exd4 11. cxd4 Bg4 12. Bxf4 Nxd4 13. h3 Bxf3 14. Bxf3 g5 15. Be3 Nxf3+ 16. Kg2 Kh8 17. Nc4 d5 18. exd5 Qxd5 19. Qxd5 Nxd5 20. Rad1 Nxe3+ 21. Nxe3 Nd4 22. Rc1 c6 23. Rfd1 Rad8 24. b4 Ne6 25. b5 Rxd1 26. Rxd1 Rd8 27. Rc1 c5 28. Nc4 h6 29. Re1 Rd4 30. Na5 Nd8 31. Re8+ Kh7 32. Nb3 Rd5 33. Nxc5 Rxc5 34. Rxd8 Rc7 35. Rd6 b6 36. Rd3 Rc4 37. Ra3 Bc3 38. Kf3 Ba5 39. Ke2 Kg6 40. Kd3 Rb4 41. Ra2 h5 42. Ke3 Kf5 43. Kf3 Rd4 44. Ke3 Ke5 45. Kf3 Rd2 46. Ra3 Kd4 47. Ra1 Bc3 48. Rb1 Kd3 49. h4 g4+ 50. Kf4 Rxf2+ 51. Kg5 Rf3 52. Rg1 Be5 53. Kxh5 Rxg3 54. Rxg3+ Bxg3 55. Kxg4 Bxh4 56. Kxh4 Kc4 57. Kg4 Kb4 58. Kf3 Kxa4 59. Ke2 Kxb5 60. Kd2 Kc4 61. Kc2 b5 0-1


[Site "https://www.chess.com"]

[Event "Titled Tuesday Blitz July 25 Late 2023"]
[White "Santos Latasa, Jaime"]
[Black "Goltsev, Dmitry"]
[WhiteFideId "2293307"]
[BlackFideId "24176710"]
[WhiteElo "2982"]
[BlackElo "2680"]
[Result "1-0"]
[Round "10"]
[TimeControl "180+2"]
[Date "2023.07.25"]
[WhiteClock "0:00:28"]
[BlackClock "0:00:02"]
[Board "19"]

1. Nf3 d5 2. e3 c6 3. c4 Nf6 4. Nc3 g6 5. d4 Bg7 6. Be2 O-O 7. O-O Nbd7 8. cxd5 Nxd5 9. Nxd5 cxd5 10. Qb3 e6 11. Bd2 Qb6 12. Qa3 a5 13. Rfc1 e5 14. Qb3 Qxb3 15. axb3 e4 16. Ne1 b6 17. b4 Ba6 18. Bxa6 Rxa6 19. bxa5 bxa5 20. Rxa5 Rxa5 21. Bxa5 Rb8 22. Bc3 Bf8 23. Nc2 Nb6 24. Kf1 Na4 25. Ne1 Nxb2 26. Rb1 Rb3 27. Bxb2 Ba3 28. Bxa3 Rxb1 29. g4 f5 30. g5 Kg7 31. Ke2 Ra1 32. Nc2 Rg1 33. Be7 Kf7 34. Bd8 Rg2 35. h3 Rh2 36. Ne1 Rxh3 37. Ng2 h6 38. gxh6 Rxh6 39. Nf4 Rh8 40. Bg5 Rh1 41. Nxd5 Rh5 42. Bd8 g5 43. Nc3 Ke6 44. Kd2 Rh2 45. Bxg5 Rxf2+ 46. Kd1 Rg2 47. Bf4 Rf2 48. Ne2 Kd5 49. Ke1 Rg2 50. Kf1 Rg8 51. Kf2 Kc4 52. Be5 Rg5 53. Nf4 Rg4 54. d5 Kc5 55. d6 Kc6 56. Nh5 Rg8 57. d7 Ra8 58. Nf6 Ra2+ 59. Kg3 Ra8 60. Kf4 Rh8 61. Kxf5 Ra8 62. Kxe4 Ra4+ 63. Kf5 Ra8 64. e4 Kc5 65. Bf4 1-0


[Site "https://www.chess.com"]

[Event "Titled Tuesday Blitz July 25 Late 2023"]
[White "Maksimovic, Bojan"]
[Black "Weetik, Vjacheslav"]
[WhiteFideId "14408120"]
[BlackFideId "4153472"]
[WhiteElo "2890"]
[BlackElo "2679"]
[Result "1/2-1/2"]
[Round "10"]
[TimeControl "180+2"]
[Date "2023.07.25"]
[WhiteClock "0:01:42"]
[BlackClock "0:00:11"]
[Board "20"]

1. e4 c6 2. d4 d5 3. Nc3 dxe4 4. Nxe4 Bf5 5. Nc5 b6 6. Nb3 e6 7. Nf3 Bd6 8. g3 h6 9. Bg2 Ne7 10. O-O Nd7 11. Re1 O-O 12. Nbd2 Rc8 13. Nc4 Bb8 14. c3 c5 15. Ne3 Bh7 16. d5 exd5 17. Nxd5 Nxd5 18. Qxd5 Nf6 19. Qxd8 Rfxd8 20. Be3 Be4 21. a4 Bc6 22. Nd2 Bxg2 23. Kxg2 Nd5 24. Nc4 a6 25. Red1 b5 26. axb5 axb5 27. Rxd5 Rxd5 28. Nb6 Rdd8 29. Nxc8 Rxc8 30. Ra8 g5 31. Bxc5 Rxc5 32. Rxb8+ Kg7 33. Kf3 Rf5+ 34. Ke3 g4 35. Rb6 h5 36. b4 Rf3+ 37. Kd4 Rxf2 38. Rxb5 Rxh2 39. Rg5+ Kh6 40. Rg8 Kh7 41. Rg5 Kh6 42. Rg8 Kh7 43. Re8 f5 44. Rf8 Kg6 45. b5 Rb2 46. c4 Kg5 47. Rg8+ Kf6 48. Kc3 Rb1 49. Kc2 Rb4 50. Rc8 f4 51. gxf4 g3 52. Kc3 Rb1 53. Rg8 h4 54. Kc2 Rb4 55. Kc3 Rb1 56. Rg5 Ke6 57. Kd4 Rd1+ 58. Kc5 Rd2 59. b6 g2 60. b7 Rb2 61. Rxg2 Rxb7 62. Rg6+ Kf5 63. Rh6 Kg4 64. f5 Rf7 65. f6 Kg5 66. Rh8 Rxf6 67. Kd5 Rh6 68. Rxh6 Kxh6 69. Ke4 Kg6 70. c5 Kf6 71. c6 Ke6 72. c7 Kd7 73. c8=Q+ Kxc8 74. Kf4 Kd7 75. Kg4 Ke6 76. Kh3 Kf5 77. Kh2 Kg5 78. Kh1 Kg4 79. Kg1 Kg3 80. Kh1 h3 81. Kg1 h2+ 82. Kh1 Kh3 1/2-1/2


[Site "https://www.chess.com"]

[Event "Titled Tuesday Blitz July 25 Late 2023"]
[White "Gubajdullin, Alexei"]
[Black "Ibarra Jerez, Jose Carlos"]
[WhiteFideId "4141202"]
[BlackFideId "2226332"]
[WhiteElo "2692"]
[BlackElo "2886"]
[Result "1-0"]
[Round "10"]
[TimeControl "180+2"]
[Date "2023.07.25"]
[WhiteClock "0:00:23"]
[BlackClock "0:00:00"]
[Board "21"]

1. d4 Nf6 2. Nf3 e6 3. Bf4 d5 4. e3 c5 5. Nbd2 Nc6 6. c3 cxd4 7. exd4 Nh5 8. Bg5 f6 9. Be3 Bd6 10. g3 O-O 11. Bg2 f5 12. Nb3 f4 13. Bd2 Qe8 14. O-O Qg6 15. Nh4 Qh6 16. Nc5 g5 17. Nf3 e5 18. Qb3 Rd8 19. Qxd5+ Kg7 20. dxe5 Be7 21. Qc4 Bg4 22. Nd4 Nxe5 23. Nce6+ Kh8 24. Qb5 Bxe6 25. Qxe5+ Qf6 26. Qe4 Bd5 27. Qe2 Bxg2 28. Kxg2 Ng7 29. Rae1 Bc5 30. Qf3 Bxd4 31. cxd4 Nf5 32. Bc3 Kg8 33. Qxb7 g4 34. d5 f3+ 35. Kh1 Qg6 36. d6 Nxd6 37. Qd5+ Nf7 38. Qc4 Rac8 39. Qf4 Qh5 40. Re4 Qh3 41. Qxg4+ Qxg4 42. Rxg4+ Kf8 43. Rf4 Rd3 44. h3 Re8 45. Kh2 Re2 46. g4 Ke7 47. h4 Nd6 48. Bf6+ Ke6 49. h5 Ne4 50. Bh4 Rxb2 51. g5 Ke5 52. Rf8 Rd4 53. g6 hxg6 54. hxg6 Nd6 55. Bg3+ Ke6 56. g7 1-0


[Site "https://www.chess.com"]

[Event "Titled Tuesday Blitz July 25 Late 2023"]
[White "Bartel, Mateusz"]
[Black "Bernabeu Lopez, Carlos Javier"]
[WhiteFideId "1112635"]
[BlackFideId "2235366"]
[WhiteElo "2836"]
[BlackElo "2665"]
[Result "0-1"]
[Round "10"]
[TimeControl "180+2"]
[Date "2023.07.25"]
[WhiteClock "0:00:00"]
[BlackClock "0:00:18"]
[Board "22"]

1. Nf3 Nf6 2. b3 g6 3. Bb2 Bg7 4. d4 O-O 5. e3 d5 6. Be2 c6 7. O-O Bg4 8. c4 e6 9. Nc3 Nbd7 10. a4 a5 11. Ba3 Re8 12. Rc1 Bf8 13. Bxf8 Nxf8 14. Ne5 Bxe2 15. Qxe2 N8d7 16. f4 Qb6 17. c5 Qc7 18. g4 Kg7 19. Qg2 Rf8 20. Rc2 Ng8 21. e4 dxe4 22. Nxe4 Ngf6 23. Nd6 Ne8 24. Ndc4 Nef6 25. f5 exf5 26. gxf5 Rae8 27. Rcf2 Re7 28. Qg5 h6 29. Qg2 g5 30. h4 Rg8 31. Kh1 Kf8 32. Qh2 Nxe5 33. Nxe5 g4 34. Qf4 Rh8 35. Nxg4 Qxf4 36. Rxf4 Nd5 37. R4f3 Re4 38. Ne5 Rxh4+ 39. Kg2 Rg8+ 40. Kf2 Rxd4 41. Rh1 Re4 42. Nd3 Nf6 43. Rf4 Rg4 44. Rxe4 Rxe4 45. Kf3 Rd4 46. Ke3 Rd5 47. Rf1 h5 48. Rf4 Ke7 49. b4 Nd7 50. bxa5 Nxc5 51. Nxc5 Rxc5 52. Rb4 Rxa5 53. Rxb7+ Kf6 54. Rb6 Rxa4 55. Rxc6+ Kxf5 56. Kf2 Kg4 57. Kg2 h4 58. Rf6 Ra7 59. Kh2 Kg5 60. Rb6 f5 61. Rb8 Ra2+ 62. Kh3 Ra3+ 63. Kh2 Kg4 64. Rg8+ Kf3 65. Rh8 Ra2+ 66. Kh3 Ra1 67. Kh2 Ra4 68. Rf8 f4 69. Kh3 Ra1 70. Kh2 Ke3 71. Re8+ Kf2 72. Rh8 f3 73. Re8 Kf1 74. Rf8 Ra2+ 75. Kh3 f2 76. Kxh4 Kg1 77. Rg8+ Kh1 78. Rf8 Kg2 79. Rg8+ Kf1 80. Kg3 Ke1 0-1


[Site "https://www.chess.com"]

[Event "Titled Tuesday Blitz July 25 Late 2023"]
[White "Ozates, Tuna"]
[Black "Oro, Faustino"]
[WhiteFideId "6354521"]
[BlackFideId "20000197"]
[WhiteElo "2600"]
[BlackElo "2785"]
[Result "0-1"]
[Round "10"]
[TimeControl "180+2"]
[Date "2023.07.25"]
[WhiteClock "0:00:00"]
[BlackClock "0:00:15"]
[Board "23"]

1. e4 e5 2. Nf3 Nc6 3. Bb5 a6 4. Ba4 Nf6 5. d3 b5 6. Bb3 Bc5 7. O-O d6 8. c3 O-O 9. Nbd2 h6 10. h3 Be6 11. Bc2 Ba7 12. Re1 Ne7 13. Nf1 Ng6 14. Ng3 Re8 15. d4 Qc8 16. Kh2 c5 17. d5 Bd7 18. Be3 c4 19. Qd2 Bxe3 20. fxe3 Nh7 21. Rf1 Qc5 22. Rf2 Ne7 23. Raf1 Rf8 24. Nh4 g6 25. Qe2 Rae8 26. Rf3 Qc8 27. R1f2 Ng5 28. Rf6 Bxh3 29. Nhf5 Bxf5 30. exf5 Nxd5 31. Rxd6 Qc5 32. Rxa6 Qxe3 33. fxg6 Qxe2 34. Nxe2 Ne3 35. gxf7+ Rxf7 36. Rxf7 Nxf7 37. Be4 Rd8 38. Rg6+ Kf8 39. Ng3 Rd2 40. Nh5 Ng5 41. Bc6 e4 42. Rf6+ Ke7 0-1


[Site "https://www.chess.com"]

[Event "Titled Tuesday Blitz July 25 Late 2023"]
[White "Pham, Le Thao Nguyen"]
[Black "Nenezic, Marko"]
[WhiteFideId "12401226"]
[BlackFideId "912123"]
[WhiteElo "2591"]
[BlackElo "2777"]
[Result "1-0"]
[Round "10"]
[TimeControl "180+2"]
[Date "2023.07.25"]
[WhiteClock "0:00:09"]
[BlackClock "0:00:06"]
[Board "24"]

1. d4 Nf6 2. Nf3 g6 3. Bf4 Bg7 4. e3 O-O 5. h3 d6 6. Bc4 Nc6 7. O-O Nd7 8. a4 e5 9. Bh2 a5 10. Nc3 Nb6 11. Bb3 Qe7 12. dxe5 dxe5 13. Nb5 Bf5 14. Qe2 Be4 15. Nd2 Bd5 16. e4 Bxb3 17. Nxb3 Rfd8 18. c3 Rd7 19. Rfd1 Rad8 20. Rxd7 Rxd7 21. Nc1 Bh6 22. Nd3 f6 23. b3 Kg7 24. Kh1 Nd8 25. f3 c6 26. Bg1 Nc8 27. Na3 b6 28. Nc4 Rb7 29. Rd1 Ne6 30. Nf2 Rd7 31. Ng4 Rxd1 32. Qxd1 Qc7 33. Nxh6 Kxh6 34. Be3+ Kg7 35. Qd2 b5 36. Bh6+ Kf7 37. Ne3 Qd6 38. Qe2 bxa4 39. bxa4 Nb6 40. Qa6 Nxa4 41. Qxa5 Nac5 42. Qa7+ Qd7 43. Qb8 Qd8 44. Qa7+ Qc7 45. Qa8 Qd8 46. Qxc6 Nd3 47. Nd5 Ndc5 48. Nb6 Qc7 49. Qxc7+ Nxc7 50. Nd5 N7e6 51. Kg1 f5 52. exf5 gxf5 53. Be3 Nd3 54. Kf1 f4 55. Bb6 Nb2 56. Ke2 Nc4 57. Ba7 Ng7 58. Bf2 Ke6 59. Nc7+ Kf5 60. Kd3 Nb2+ 61. Kc2 Nc4 62. Nb5 Ne6 63. Kd3 Nb2+ 64. Kc2 Nc4 65. Kd3 Nb2+ 66. Kc2 Na4 67. Kb3 Nac5+ 68. Bxc5 Nxc5+ 69. Kc4 Ne6 70. Kd5 Ng7 71. c4 Nh5 72. c5 Nf6+ 73. Kd6 e4 74. fxe4+ Nxe4+ 75. Kd5 Nf6+ 76. Kd4 Ke6 77. Nc3 h5 78. Ne4 Ne8 79. Ng5+ Kf5 80. Nf3 Nc7 81. c6 Ke6 82. Kc5 Ke7 83. Nd4 Kf6 84. Kd6 Ne8+ 85. Kd7 f3 86. gxf3 Kf7 87. c7 Nf6+ 88. Kd8 1-0


[Site "https://www.chess.com"]

[Event "Titled Tuesday Blitz July 25 Late 2023"]
[White "Hambleton, Aman"]
[Black "Przybylski, Wojciech"]
[WhiteFideId "2606577"]
[BlackFideId "1117599"]
[WhiteElo "2765"]
[BlackElo "2565"]
[Result "0-1"]
[Round "10"]
[TimeControl "180+2"]
[Date "2023.07.25"]
[WhiteClock "0:00:00"]
[BlackClock "0:00:44"]
[Board "25"]

1. d4 Nf6 2. Bf4 e6 3. e3 Be7 4. h3 O-O 5. Nf3 b6 6. Nbd2 Bb7 7. Bd3 c5 8. c3 d6 9. O-O Nbd7 10. Bh2 Re8 11. Qe2 a6 12. a4 h6 13. Rfe1 Bf8 14. Nc4 Qc7 15. Ncd2 e5 16. dxe5 Nxe5 17. Bxe5 dxe5 18. e4 Nh5 19. g3 Nf6 20. Bc4 g6 21. Kh2 Bg7 22. Nh4 Kh7 23. Ng2 Re7 24. Ne3 Rd7 25. f3 h5 26. h4 Bh6 27. Ndf1 Rd6 28. Rad1 Qd7 29. Rxd6 Qxd6 30. Bxf7 Qd7 31. Bb3 Bc8 32. Kg1 b5 33. Rd1 Qe8 34. axb5 axb5 35. Nd5 Nxd5 36. Bxd5 Ra7 37. Kg2 c4 38. Ne3 Rg7 39. Kf2 g5 40. Nf5 Bxf5 41. exf5 gxh4 42. Be4 Kh8 43. f6 hxg3+ 44. Kg2 Rg5 45. Rd6 h4 46. Qd1 h3+ 47. Kg1 g2 48. Rd8 h2+ 49. Kxh2 g1=Q+ 50. Qxg1 Qxd8 51. Qb6 Qxb6 52. f7 Qf2+ 0-1


[Site "https://www.chess.com"]

[Event "Titled Tuesday Blitz July 25 Late 2023"]
[White "Kochiev, Ivan"]
[Black "Tristan, Leonardo"]
[WhiteFideId "2917890"]
[BlackFideId "113816"]
[WhiteElo "2563"]
[BlackElo "2763"]
[Result "0-1"]
[Round "10"]
[TimeControl "180+2"]
[Date "2023.07.25"]
[WhiteClock "0:00:22"]
[BlackClock "0:01:17"]
[Board "26"]

1. e4 d5 2. exd5 Qxd5 3. Nf3 Bg4 4. Be2 Nc6 5. d4 O-O-O 6. c4 Qf5 7. Be3 Bxf3 8. Bxf3 Nxd4 9. Bg4 Nc2+ 10. Qxc2 Qxg4 11. O-O a6 12. h3 Qg6 13. Qa4 Qc6 14. Qa5 Nf6 15. Nd2 e6 16. b4 Be7 17. b5 Qd6 18. Rab1 Qa3 19. Qxa3 Bxa3 20. bxa6 bxa6 21. Rb3 Bc5 22. Bxc5 Rxd2 23. Rfb1 Kd7 24. Ra3 Ra8 25. Rb7 Kc6 26. Be3 Rd1+ 0-1


[Site "https://www.chess.com"]

[Event "Titled Tuesday Blitz July 25 Late 2023"]
[White "Pakleza, Zbigniew"]
[Black "Shapiro, Viktor"]
[WhiteFideId "1119290"]
[BlackFideId "4175700"]
[WhiteElo "2761"]
[BlackElo "2542"]
[Result "1-0"]
[Round "10"]
[TimeControl "180+2"]
[Date "2023.07.25"]
[WhiteClock "0:00:06"]
[BlackClock "0:00:20"]
[Board "27"]

1. d4 Nf6 2. Nf3 e6 3. Bf4 b6 4. e3 Bb7 5. h3 Be7 6. Nbd2 O-O 7. Bd3 d6 8. O-O Nbd7 9. Qe2 Re8 10. Bh2 Bf8 11. e4 e5 12. d5 a6 13. b4 c6 14. c4 b5 15. dxc6 Bxc6 16. cxb5 axb5 17. Bxb5 Bxb5 18. Qxb5 Rb8 19. Qa4 d5 20. a3 dxe4 21. Ng5 Nb6 22. Qc2 Qd3 23. Qa2 Rb7 24. Rfd1 e3 25. Nde4 Qc4 26. Qxc4 Nxc4 27. Nxf6+ gxf6 28. Ne4 Be7 29. Rdc1 exf2+ 30. Kxf2 Rc8 31. Rc3 Rbc7 32. Rac1 f5 33. Nd2 Bc5+ 34. Ke2 Nxd2 35. Rxc5 Rxc5 36. Rxc5 Rxc5 37. bxc5 Nb3 38. Bg1 Kf8 39. Kd3 Ke7 40. Kc4 Nd2+ 41. Kd5 f6 42. c6 Kd8 43. a4 Nb3 44. a5 Nxa5 45. Bb6+ Kc8 46. Bxa5 f4 47. Ke4 h5 48. h4 Kb8 49. Kf5 Kc8 50. Kxf6 e4 51. Kg5 f3 52. gxf3 exf3 53. Bb6 f2 54. Bxf2 Kc7 55. Kxh5 Kxc6 56. Kg6 Kd5 57. h5 Ke4 58. h6 1-0


[Site "https://www.chess.com"]

[Event "Titled Tuesday Blitz July 25 Late 2023"]
[White "Karamsetty, Jeevan"]
[Black "Wu, Derek"]
[WhiteFideId "2025337"]
[BlackFideId "30914558"]
[WhiteElo "2555"]
[BlackElo "2760"]
[Result "1-0"]
[Round "10"]
[TimeControl "180+2"]
[Date "2023.07.25"]
[WhiteClock "0:00:18"]
[BlackClock "0:00:00"]
[Board "28"]

1. e4 e5 2. Nf3 Nc6 3. d4 exd4 4. Bc4 Bc5 5. Ng5 Nh6 6. Nxf7 Nxf7 7. Bxf7+ Kxf7 8. Qh5+ Kf8 9. Qxc5+ d6 10. Qb5 Qe8 11. Qe2 Qg6 12. O-O Bg4 13. f3 Bd7 14. Nd2 Kf7 15. Nb3 Rhe8 16. Rd1 Qf6 17. Qf2 Kg8 18. Nxd4 Ne5 19. c3 Rf8 20. Qg3 Rae8 21. Nb3 Bb5 22. Be3 Be2 23. Re1 Bxf3 24. Rf1 c5 25. Nd2 Qe6 26. Nxf3 Nc4 27. Bf4 Qxe4 28. Bxd6 Rf6 29. Bxc5 Rg6 30. Qf2 Qf5 31. Rae1 Rd8 32. Bd4 h6 33. Nh4 Qxf2+ 34. Rxf2 Ra6 35. Re7 1-0


[Site "https://www.chess.com"]

[Event "Titled Tuesday Blitz July 25 Late 2023"]
[White "Grossboss19"]
[Black "Matinian, Nikita"]
[BlackFideId "24129100"]
[WhiteElo "2494"]
[BlackElo "2738"]
[Result "0-1"]
[Round "10"]
[TimeControl "180+2"]
[Date "2023.07.25"]
[WhiteClock "0:00:10"]
[BlackClock "0:00:06"]
[Board "29"]

1. c4 e5 2. g3 h5 3. h4 Bc5 4. Bg2 d6 5. e3 Nc6 6. Ne2 Bg4 7. a3 a5 8. Nbc3 Nge7 9. Nb5 Qd7 10. O-O g5 11. f3 Be6 12. b3 gxh4 13. d4 Bb6 14. d5 Bh3 15. dxc6 bxc6 16. Nbc3 hxg3 17. f4 h4 18. Bf3 Bxf1 19. Qxf1 exf4 20. Nxf4 h3 21. Qd3 O-O-O 22. c5 Bxc5 23. Na4 Ba7 24. Bd2 g2 25. Qa6+ Kb8 26. Kh2 Rdg8 27. Bxa5 Bxe3 28. Ne2 Qf5 29. Bxc6 Bf4+ 30. Kg1 h2+ 31. Kf2 Nxc6 32. Qxc6 Bd2+ 33. Nf4 Qxf4+ 34. Ke2 Qe3+ 35. Kd1 g1=Q+ 36. Kc2 Qc5+ 37. Nxc5 Qxc5+ 38. Qxc5 dxc5 39. Bxd2 h1=Q 40. Rxh1 Rxh1 41. Kd3 Rd8+ 42. Kc4 Rxd2 43. Kb5 Rd6 44. Ka5 c4 45. b4 c3 46. b5 c2 47. b6 cxb6+ 48. Ka6 c1=Q 49. a4 Qc4# 0-1


[Site "https://www.chess.com"]

[Event "Titled Tuesday Blitz July 25 Late 2023"]
[White "Adewumi, Tanitoluwa"]
[Black "Slovineanu, Viacheslav"]
[WhiteFideId "30966396"]
[BlackFideId "13900510"]
[WhiteElo "2696"]
[BlackElo "2430"]
[Result "1-0"]
[Round "10"]
[TimeControl "180+2"]
[Date "2023.07.25"]
[WhiteClock "0:00:03"]
[BlackClock "0:00:00"]
[Board "30"]

1. e4 c6 2. d4 d5 3. exd5 cxd5 4. Bd3 Nc6 5. c3 Nf6 6. Bf4 Bg4 7. Qb3 Qd7 8. Nd2 e6 9. Ngf3 Bxf3 10. Nxf3 Bd6 11. Bd2 O-O 12. O-O a6 13. Rfe1 Qc7 14. a4 Rfe8 15. Re2 e5 16. dxe5 Nxe5 17. Nxe5 Rxe5 18. Rxe5 Bxe5 19. g3 h6 20. Re1 Bd6 21. Qd1 Bc5 22. Qf3 Qb6 23. b4 Bf8 24. Be3 Qc6 25. Bd4 Qxa4 26. b5 axb5 27. Qf5 Ne4 28. Rxe4 Qd1+ 29. Re1 Qxe1+ 30. Kg2 f6 31. Qxd5+ Kh8 32. Qf5 Kg8 33. Bxf6 Re8 34. Bd4 Qe6 35. Qh7+ Kf7 36. Bf5 Qd5+ 37. Kh3 Qc6 38. Bg4 Qg6 39. Qxg6+ Kxg6 40. Bd7 Rd8 41. Bxb5 Rxd4 42. cxd4 1-0


[Site "https://www.chess.com"]

[Event "Titled Tuesday Blitz July 25 Late 2023"]
[White "Grigoriants, Sergey"]
[Black "Zavgorodniy, Sergiy"]
[WhiteFideId "4130804"]
[BlackFideId "14110148"]
[WhiteElo "2855"]
[BlackElo "2606"]
[Result "1-0"]
[Round "10"]
[TimeControl "180+2"]
[Date "2023.07.25"]
[WhiteClock "0:00:17"]
[BlackClock "0:02:14"]
[Board "31"]

1. Nf3 d5 2. e3 Nf6 3. c4 dxc4 4. Bxc4 e6 5. O-O a6 6. d4 b5 7. Bd3 Bb7 8. a4 b4 9. Nbd2 Nbd7 10. Nc4 c5 11. b3 Qc7 12. Bb2 Be7 13. Nfe5 O-O 14. Qe2 Rfd8 15. Rac1 Rac8 16. h3 h6 17. Rc2 Ne4 18. Rfc1 Ndf6 19. Nd2 Nc3 20. Bxc3 bxc3 21. Rxc3 Qa5 22. Ndc4 Qb4 23. Bb1 cxd4 24. exd4 Ba8 25. Rg3 Rxd4 26. Nxf7 Kxf7 27. Ne5+ Kg8 28. Rxc8+ Bd8 29. Rxa8 Rd2 30. Nc6 Rxe2 31. Nxb4 Re1+ 32. Kh2 Rxb1 33. Rxd8+ 1-0


[Site "https://www.chess.com"]

[Event "Titled Tuesday Blitz July 25 Late 2023"]
[White "Medina Paz, Miguel"]
[Black "Miladinovic, Igor"]
[WhiteFideId "7300379"]
[BlackFideId "4203380"]
[WhiteElo "2595"]
[BlackElo "2813"]
[Result "1-0"]
[Round "10"]
[TimeControl "180+2"]
[Date "2023.07.25"]
[WhiteClock "0:01:07"]
[BlackClock "0:00:00"]
[Board "32"]

1. e4 c6 2. d4 d5 3. exd5 cxd5 4. Nf3 Nc6 5. Nbd2 g6 6. Bb5 Bg7 7. O-O Nh6 8. Bxc6+ bxc6 9. Re1 f6 10. b3 O-O 11. Ba3 Re8 12. c4 e5 13. cxd5 cxd5 14. dxe5 fxe5 15. Rc1 e4 16. Qe2 Bg4 17. h3 Bh5 18. g4 Nxg4 19. hxg4 Bxg4 20. Qf1 exf3 21. Rxe8+ Qxe8 22. Qd3 Qf7 23. Rc7 Bf5 24. Qb5 Qe8 25. Qxd5+ Be6 26. Rxg7+ Kxg7 27. Bb2+ Kf7 28. Qe5 Qe7 29. Ne4 Ke8 30. Qh8+ Qf8 31. Nf6+ Kf7 32. Qxh7+ Qg7 33. Qh2 Rc8 34. Qf4 g5 35. Qxf3 Qg6 36. Qb7+ 1-0


[Site "https://www.chess.com"]

[Event "Titled Tuesday Blitz July 25 Late 2023"]
[White "Cappelletto, Joshuaede"]
[Black "Troff, Kayden"]
[WhiteFideId "2824383"]
[BlackFideId "2047896"]
[WhiteElo "2592"]
[BlackElo "2798"]
[Result "0-1"]
[Round "10"]
[TimeControl "180+2"]
[Date "2023.07.25"]
[WhiteClock "0:00:13"]
[BlackClock "0:00:20"]
[Board "33"]

1. e4 c5 2. Nf3 g6 3. d4 cxd4 4. Nxd4 Bg7 5. c4 Qb6 6. Nb5 a6 7. Be3 Qa5+ 8. N5c3 Nf6 9. Nd2 Nc6 10. Be2 O-O 11. O-O d6 12. Nd5 b5 13. Bb6 Qa4 14. b3 Qa3 15. cxb5 axb5 16. Bxb5 Nxd5 17. exd5 Ne5 18. Bd4 Qb4 19. Bc4 Ba6 20. a3 Qb7 21. a4 Rfc8 22. Bxa6 Rxa6 23. Rb1 Qxd5 24. Bxe5 Bxe5 25. Nc4 Qxd1 26. Rfxd1 Bc3 27. Rd5 Bb4 28. Rb5 Bc5 29. a5 d5 30. Nb6 Bxb6 31. axb6 e6 32. b7 Rb8 33. Rc1 Ra7 34. Kf1 Raxb7 35. Rxb7 Rxb7 36. Rc3 Kg7 37. Ke2 Kf6 38. Kd3 Ke5 39. Kc2 Kd6 40. Kb2 d4 41. Rd3 e5 42. f3 Kd5 43. Rd1 f5 44. g3 e4 45. fxe4+ fxe4 0-1


[Site "https://www.chess.com"]

[Event "Titled Tuesday Blitz July 25 Late 2023"]
[White "Morefield, Jason"]
[Black "Trifan, Andrei Ioan"]
[WhiteFideId "30920825"]
[BlackFideId "12967068"]
[WhiteElo "2743"]
[BlackElo "2587"]
[Result "1-0"]
[Round "10"]
[TimeControl "180+2"]
[Date "2023.07.25"]
[WhiteClock "0:00:04"]
[BlackClock "0:00:05"]
[Board "34"]

1. e4 g6 2. d4 Bg7 3. Nc3 d6 4. Be3 Nf6 5. Qd2 c6 6. h3 b5 7. a3 Nbd7 8. Nf3 e5 9. dxe5 dxe5 10. O-O-O Qa5 11. Qd6 b4 12. axb4 Qa1+ 13. Nb1 Rb8 14. Nxe5 Nxe4 15. Qxc6 Bxe5 16. Rd4 O-O 17. Qxe4 Bxd4 18. Qxd4 Re8 19. Bh6 Re1+ 20. Kd2 Re5 21. f4 a5 22. fxe5 Rxb4 23. Qc3 Nb6 24. e6 Qxb2 25. exf7+ Kxf7 26. Qf3+ Bf5 27. Bd3 Nc4+ 28. Ke2 Qe5+ 29. Kf2 Qc5+ 30. Kg3 Ne5 31. Qe3 Nxd3 32. cxd3 Qd6+ 33. Bf4 Qxd3 34. Qxd3 Bxd3 35. Nd2 a4 36. Ra1 Bb5 37. Nf3 Rb3 38. Kf2 Rb2+ 39. Bd2 Bc6 40. Ke3 Rb3+ 41. Kd4 Bxf3 42. gxf3 Rxf3 43. h4 Rh3 44. Bg5 h6 45. Bd8 Ke8 46. Bf6 Kf7 47. Rf1 Kg8 48. Kd5 g5 49. hxg5 hxg5 50. Ke6 Re3+ 51. Kf5 a3 52. Kg6 Kf8 53. Rd1 a2 54. Ra1 Ke8 55. Rxa2 Kd7 56. Rd2+ Kc6 57. Bxg5 Re6+ 58. Kf5 Rd6 59. Rc2+ Kd7 60. Bf4 Rd5+ 61. Ke4 Ra5 62. Rc7+ Ke6 63. Rc6+ Kd7 64. Rh6 Ra4+ 65. Kf5 Ra5+ 66. Be5 Ra2 67. Rd6+ Ke7 68. Rc6 Rf2+ 69. Bf4 Re2 70. Rc7+ Kd8 71. Ra7 Kc8 72. Be5 Rc2 73. Ke6 Rc6+ 74. Bd6 Rb6 75. Rc7+ Kb8 76. Rf7+ Ka8 77. Kd5 Rb5+ 78. Kc6 Rb6+ 79. Kc5 Ra6 80. Rf8+ Kb7 81. Rb8+ Ka7 82. Rb1 Ra5+ 83. Kc6 Ra2 84. Bc5+ Ka8 85. Rh1 Ra6+ 86. Bb6 Rxb6+ 87. Kxb6 1-0


[Site "https://www.chess.com"]

[Event "Titled Tuesday Blitz July 25 Late 2023"]
[White "Gireman, Ja"]
[Black "Tanenbaum, Zachary"]
[WhiteFideId "5043794"]
[BlackFideId "2060850"]
[WhiteElo "2586"]
[BlackElo "2742"]
[Result "0-1"]
[Round "10"]
[TimeControl "180+2"]
[Date "2023.07.25"]
[WhiteClock "0:00:00"]
[BlackClock "0:00:05"]
[Board "35"]

1. e4 e5 2. Nf3 Nc6 3. Bc4 Nf6 4. d4 exd4 5. O-O Nxe4 6. Re1 d5 7. Bxd5 Qxd5 8. Nc3 Qh5 9. Nxe4 Be6 10. Bg5 h6 11. Bf6 Qg6 12. Nh4 Qh7 13. Nf3 Bb4 14. c3 dxc3 15. bxc3 Be7 16. Bxe7 Nxe7 17. Qa4+ Nc6 18. Nc5 O-O 19. Nxe6 fxe6 20. Rxe6 Qd3 21. Rae1 Qxc3 22. h4 Rad8 23. Qg4 Nd4 24. R1e3 Nxf3+ 25. gxf3 Qa1+ 26. Re1 Rd1 27. Rxd1 Qxd1+ 28. Kg2 Qd5 29. Re7 Rf7 30. Rxf7 Kxf7 31. Qf4+ Kg6 32. Qxc7 Qxa2 33. Qxb7 Qa4 34. Qd5 Qxh4 35. Qd3+ Kh5 36. Qd7 Qg5+ 37. Kf1 a5 38. Qf7+ Qg6 39. Qf4 Qd3+ 40. Kg2 Kg6 41. Qg4+ Kf7 42. Qa4 Qg6+ 43. Kh2 Qf5 44. f4 Qh5+ 45. Kg3 Qf5 46. Qc4+ Kg6 47. f3 Kh7 48. Kf2 Qb1 49. Qa4 Qb2+ 50. Kg3 Qb6 51. f5 Qc7+ 52. Kh3 Qc5 53. Qg4 Qb4 54. Qg6+ Kg8 55. Qe8+ Qf8 56. Qe6+ Kh8 57. Qd7 a4 58. Qxa4 Qxf5+ 59. Kg3 Qg5+ 60. Kf2 Kh7 61. Qe4+ Qg6 62. Qc4 h5 63. Qh4 Kh6 64. Qf4+ Qg5 65. Qd6+ Qf6 66. Qd2+ g5 67. Qd7 h4 68. Qe8 Qd4+ 69. Kg2 Qb2+ 70. Kh3 Qf6 71. Kg2 Kg7 72. Qd7+ Qf7 73. Qd4+ Kg6 74. Qd3+ Kh5 75. Qe4 Qc7 76. Qg4+ Kh6 77. Qe6+ Kg7 78. Kf2 Qg3+ 79. Ke3 Qe1+ 0-1


[Site "https://www.chess.com"]

[Event "Titled Tuesday Blitz July 25 Late 2023"]
[White "Vovk, Orest"]
[Black "Salimova, Nurgyul"]
[WhiteFideId "14113490"]
[BlackFideId "2915138"]
[WhiteElo "2576"]
[BlackElo "2699"]
[Result "1-0"]
[Round "10"]
[TimeControl "180+2"]
[Date "2023.07.25"]
[WhiteClock "0:00:32"]
[BlackClock "0:00:00"]
[Board "36"]

1. Nh3 d5 2. g4 Bxg4 3. Rg1 h5 4. c4 dxc4 5. Qa4+ Qd7 6. Qxd7+ Nxd7 7. Na3 Nb6 8. Ng5 f6 9. Ne4 e5 10. e3 Be6 11. Nb5 Kd7 12. a4 c6 13. a5 cxb5 14. axb6 a6 15. d3 cxd3 16. Bxd3 Kc6 17. Bd2 Rd8 18. Ke2 Bg4+ 19. f3 Bxf3+ 20. Kxf3 Rxd3 21. Rgc1+ Kd5 22. Rc7 Ke6 23. Rxb7 f5 24. Ng5+ Kf6 25. Ke2 Rxd2+ 26. Kxd2 Kxg5 27. Rb8 Nf6 28. Ke2 Nd7 29. Rb7 Nc5 30. Rg1+ Kh6 31. Rc7 Kh7 32. b7 Nxb7 33. Rxb7 Kh6 34. Rb6+ Kh7 35. Rxa6 Bc5 36. Rc6 Bb4 37. Rc7 Rg8 38. Rg5 1-0


[Site "https://www.chess.com"]